 Dungeon Crawl Stone Soup version 0.31-a0-177-g4aa6249778 (webtiles) character file.

Game seed: 15169723250741247657

61 Elmgren the Shooter (level 4, 0/26 HPs)
             Began as a Gargoyle Hunter on June 19, 2023.
             Slain by Grinder (4 damage)
             ... while paralysed by Grinder
             ... on level 2 of the Dungeon.
             The game lasted 00:04:09 (1631 turns).

Elmgren the Shooter (Gargoyle Hunter)               Turns: 1631, Time: 00:04:10

Health: 0/26       AC:  7    Str: 14    XL:     4   Next: 7%
Magic:  4/4        EV:  2    Int: 10    God:
Gold:   49         SH:  0    Dex: 15    Spells: 3/3 levels left

rFire   . . .        a - +0 shortbow
rCold   . . .        (shield currently unavailable)
rNeg    + . .        c - +0 leather armour
rPois   ∞            (no helmet)
rElec   +            (no cloak)
rCorr   .            (no gloves)
SInv    .            r - +0 pair of boots
Will    .....        (no amulet)
Stlth   ++           (no ring)
HPRegen 0.24/turn    (no ring)
MPRegen 0.09/turn

%: no passive effects
@: paralysed
A: sickness immunity, AC +3, negative energy resistance 1, electricity
resistance, torment resistance 1, petrification resistance
a: no special abilities


You were on level 2 of the Dungeon.
You visited 1 branch of the dungeon, and saw 3 of its levels.

You collected 49 gold pieces.


Innate Abilities, Weirdness & Mutations

You are immune to sickness and miasma.
Your stone body is resilient. (AC +3)
You are immune to poison.
You resist negative energy. (rN+)
You are resistant to electric shocks. (rElec)
You are resistant to unholy torment.
You are immune to petrification.


   Skills:
 - Level 2.1 Fighting
 + Level 5.5 Ranged Weapons
 - Level 1.5 Dodging
 - Level 1.1 Stealth


You had 3 spell levels left.
You didn't know any spells.
Your spell library contained the following spells:

 Spells                   Type           Power      Damage    Failure   Level
 Sandblast                Erth           0%         2d4       43%         1
 Passwall                 Tmut/Erth      0%         N/A       58%         2
 Stone Arrow              Conj/Erth      0%         3d7       82%         3
 Cause Fear               Hex            0%         N/A       99%         4
 Alistair's Intoxication  Tmut/Pois      0%         N/A       100%        5
 Borgnjor's Vile Clutch   Necr/Erth      0%         N/A       100%        5
 Eringya's Noxious Bog    Tmut/Pois      0%         N/A       100%        6
 Dragon Form              Tmut           0%         N/A       100%        7
 Dragon's Call            Summ           0%         N/A       100%        9

Inventory:

Hand Weapons
 a - a +0 shortbow (weapon)
Missiles
 f - 9 boomerangs
 h - 2 poisoned darts
 i - a throwing net {=f!f}
 n - 25 stones
Armour
 c - a +0 leather armour (worn)
 r - a +0 pair of boots (worn)
   (You found it on level 1 of the Dungeon)
Magical Staves
 m - a staff of death {!a}
   (You found it on level 1 of the Dungeon)
Jewellery
 E - a +5 ring of evasion
   (You took it off a kobold on level 2 of the Dungeon)
 I - a +6 ring of intelligence
   (You found it on level 1 of the Dungeon)
Scrolls
 b - a scroll of butterflies
Potions
 d - 2 potions of magic {unknown}
 e - a potion of attraction {unknown}
 g - a potion of invisibility {unknown}
 j - a potion of degeneration {unknown}
 l - 2 potions of curing {@q1}
 o - a potion of heal wounds {unknown}

Dungeon Overview and Level Annotations

Branches:
Dungeon (3/15) Zot: 16338

Altars:

Annotations:
D:2 Grinder
D:3 Sigmund

## ####### .## #.....# ..##
#.<..^# ...# #.....# ...# #.....#
...# ##.....# ####
...###########.<....###### #...
.........................#####...
..##########...5@................
..## ####.##>S...####.##......
#..######....######## #.....####
##........#### ##########......
.........### ###......[......##
##.........#####...####.....#.##
##.#.....#....#..######.#####.###
##.#.....####....####...# #.<.#
##.......#####.#..#...### ###.#


You could see Grinder and an adder.


Message History

There is a faded altar of an unknown god here.
There is an open door here.
Done exploring.
No target in view!
Done exploring.
Okay, then.
There is an open door here.
There is a faded altar of an unknown god here.
Things that are here:
a +0 whip; a kobold corpse
There is an open door here.
There is a stone staircase leading down here.
You climb downwards.
You hear the sound of rushing water.
There is an entrance to a sewer on this level.
Hurry and find it before the portal rusts away!
There is a stone staircase leading up here.
Throw: 7 darts (poison)
Press: ? - help, Q - select action, (/) - cycle Shift-Dir - straight line, f - Grinder
Aim: Grinder (asleep, 98% to hit)
You throw a poisoned dart. The poisoned dart hits Grinder.
Grinder shouts!
You hear a shout!
You hear an angry hiss.
Throw: 6 darts (poison)
Press: ? - help, Q - select action, (/) - cycle Shift-Dir - straight line, f/p - Grinder
Aim: Grinder (55% to hit)
You throw a poisoned dart.
The poisoned dart closely misses Grinder.
Grinder says, "Mostly I couldn't keep them alive."
Throw: 5 darts (poison)
Press: ? - help, Q - select action, (/) - cycle Shift-Dir - straight line, f/p - Grinder
Aim: Grinder (55% to hit)
You throw a poisoned dart. The poisoned dart hits Grinder.
Grinder gestures at you.
You barely resist.
Throw: 4 darts (poison)
Press: ? - help, Q - select action, (/) - cycle Shift-Dir - straight line, f/p - Grinder
Aim: Grinder (55% to hit)
You throw a poisoned dart.
The poisoned dart completely misses Grinder.
Throw: 3 darts (poison)
Press: ? - help, Q - select action, (/) - cycle Shift-Dir - straight line, f/p - Grinder
Aim: Grinder (55% to hit)
You throw a poisoned dart. The poisoned dart hits Grinder.
Grinder is poisoned.
Grinder gestures at you. Pain shoots through your body!
Sigmund the Dreaded comes into view.
He is wielding a +0 scythe. 😕 HP[-2]
You take 2 damage, and now have 24/26 hp.
Fire: a) +0 shortbow
Press: ? - help, Q - select action, (/) - cycle Shift-Dir - straight line, f/p - Grinder
Aim: Grinder (lightly wounded, poisoned, 58% to hit)
You shoot an arrow. The arrow closely misses Grinder.
The arrow barely misses Sigmund.
Fire: a) +0 shortbow
Press: ? - help, Q - select action, (/) - cycle Shift-Dir - straight line, f/p - Grinder
Aim: Grinder (lightly wounded, poisoned, 58% to hit)
You shoot an arrow. The arrow closely misses Grinder.
The arrow hits Sigmund.
An adder comes into view.
Grinder grins, showing sharp teeth.
Grinder gestures at you.
You suddenly lose the ability to move!
Sigmund casts a spell.
Sigmund flickers and vanishes!
Deactivating autopickup; reactivate with Ctrl-A.
The adder hisses angrily.
Grinder gestures at you. Pain shoots through your body!
Grinder gestures at you.
You barely resist.
You can move again. 😮 HP[-5]
You take 5 damage, and now have 19/26 hp.
Fire: a) +0 shortbow
Press: ? - help, Q - select action, (/) - cycle Shift-Dir - straight line, f/p - Grinder
Aim: Grinder (lightly wounded, poisoned, 58% to hit)
You shoot an arrow.
The arrow closely misses Grinder. 😕 HP[+1] Fire: a) +0 shortbow
Press: ? - help, Q - select action, (/) - cycle Shift-Dir - straight line, f/p - Grinder
Aim: Grinder (lightly wounded, poisoned, 58% to hit)
You shoot an arrow. The arrow hits Grinder.
Grinder looks more healthy.
Grinder closely misses you. Something hits you but does no damage.
The adder barely misses you. The adder closely misses you. Grinder hits you.
Something hits you!
* * * LOW HITPOINT WARNING * * *
You climb upwards.
Reactivating autopickup.
There is a stone staircase leading down here. 😱 HP[-14]
You take 14 damage, and now have 6/26 hp.
MASSIVE DAMAGE!! (PAUSE)
The adder bites you but does no damage. Grinder gestures at you.
You suddenly lose the ability to move!
The adder bites you.
* * * LOW HITPOINT WARNING * * *
Grinder hits you but does no damage. The adder bites you but does no damage.
The adder bites you.
* * * LOW HITPOINT WARNING * * *
Grinder hits you.
You die...

Skill      XL: |  1  2  3 |
---------------+----------+-----
Ranged Weapons | 5 |  5.5
Fighting       | |  2.1
Dodging        | |  1.5
Stealth        | |  1.1

Action                     |  1- 3 |  4- 6 || total
---------------------------+-------+-------++-------
   Fire: Shortbow          |   128 |    33 ||   161
  Throw: Dart              |       |     5 ||     5
    Use: Scroll            |     5 |       ||     5
 Armour: Leather armour    |    21 |     7 ||    28
  Dodge: Dodged            |    18 |     9 ||    27

Levels and vault maps discovered:
D:1:      shiori_shiawase, layout_basic, dk_noncrumbling_2, minmay_octomino_c4
D:2:      layout_rooms, shapermc_ecumenical_altar_flowoftime,
          kennysheep_pointless_box
D:3:      minmay_angry_zag, layout_rooms, cheibrodos_sewer_entry_bend,
          serial_shops, nicolae_shop_temple_entry_statues_fountains,
          grunt_decor_resistance, uniq_robin, uniq_sigmund, uniq_grinder,
          uniq_ijyb

Notes
Turn   | Place    | Note
-------+----------+-------------------------------------------
     0 | D:1      | Elmgren the Gargoyle Hunter began the quest for the Orb.
     0 | D:1      | Reached XP level 1. HP: 12/12 MP: 1/1
     0 | D:1      | magus.rc [v1.11.6]
    47 | D:1      | Reached XP level 2. HP: 17/17 MP: 2/2
    58 | D:1      | You add the spells Alistair's Intoxication, Borgnjor's Vile
                  | Clutch and Eringya's Noxious Bog to your library.
   192 | D:1      | Reached XP level 3. HP: 21/21 MP: 3/3
   381 | D:1      | Reached skill level 5 in Ranged Weapons
  1028 | D:2      | You add the spells Cause Fear, Dragon Form and Dragon's
                  | Call to your library.
  1131 | D:2      | Reached XP level 4. HP: 26/26 MP: 4/4
  1316 | D:2      | You add the spells Sandblast, Passwall and Stone Arrow to
                  | your library.
  1324 | D:2      | Found a faded altar of an unknown god.
  1614 | D:3      | Noticed Grinder
  1619 | D:3      | Noticed Sigmund
  1621 | D:3      | Paralysed by Grinder for 4 turns
  1627 | D:3      | HP: 6/26 [something (10)]
  1629 | D:2      | Paralysed by Grinder for 4 turns
  1631 | D:2      | Slain by Grinder

Vanquished Creatures
  3 dart slugs
  4 ball pythons (D:1)
  10 endoplasms
  A giant cockroach (D:2)
  7 goblins
  3 hobgoblins
  2 jackals (D:2)
  8 kobolds
  A quokka (D:2)
  4 bats
  3 frilled lizards (D:1)
  4 rats
50 creatures vanquished.

Table legend:
 A = Non-vault XP
 B = Vault XP
 C = Vault XP percentage of total XP
 D = Non-vault monster count
 E = Vault monster count
 F = Vault count percentage of total count
                 A         B        C        D         E       F
            +---------+---------+-------+---------+---------+-------
      Total |      75 |      13 |  14.8 |      43 |       7 |  14.0
            +---------+---------+-------+---------+---------+-------
        D:1 |      43 |      13 |  23.2 |      25 |       7 |  21.9
        D:2 |      32 |       0 |   0.0 |      18 |       0 |   0.0
            +---------+---------+-------+---------+---------+-------

Skill      XL: |  1  2  3 |
---------------+----------+-----
Ranged Weapons | 5 |  5.5
Fighting       | |  2.1
Dodging        | |  1.5
Stealth        | |  1.1

Action                     |  1- 3 |  4- 6 || total
---------------------------+-------+-------++-------
   Fire: Shortbow          |   128 |    33 ||   161
  Throw: Dart              |       |     5 ||     5
    Use: Scroll            |     5 |       ||     5
 Armour: Leather armour    |    21 |     7 ||    28
  Dodge: Dodged            |    18 |     9 ||    27

Illustrated notes

Table legend:
 A = Kills in this place as a percentage of kills in the entire game.
 B = Kills by you in this place as a percentage of kills by you in the entire game.
 C = Kills by friends in this place as a percentage of kills by friends in the entire game.
 D = Other kills in this place as a percentage of other kills in the entire game.
 E = Experience gained in this place as a percentage of experience gained in the entire game.
 F = Experience gained in this place divided by the number of levels of this place that you have seen.
                   A       B       C       D       E      F
               +-------+-------+-------+-------+-------+----------------------
         Total | 100.0 | 100.0 |   N/A |   N/A | 100.0 |  29.3
       Dungeon | 100.0 | 100.0 |   N/A |   N/A | 100.0 |  29.3
               +-------+-------+-------+-------+-------+----------------------

Table legend: (Time is in decaauts)
 A = Elapsed time spent in this place.
 B = Non-inter-level travel time spent in this place.
 C = Inter-level travel time spent in this place.
 D = Time resting spent in this place.
 E = Time spent auto-exploring this place.
 F = Levels seen in this place.
 G = Mean time per level.
                   A        B        C        D        E       F      G
               +--------+--------+--------+--------+--------+-----+--------+
         Total |   1660 |   1529 |    131 |     38 |   1126 |   3 |  553.3 |
       Dungeon |   1660 |   1529 |    131 |     38 |   1126 |   3 |  553.3 |
               +--------+--------+--------+--------+--------+-----+--------+

Top non-repeatable levels by time:
     D:1: 893 daAuts
     D:2: 752 daAuts
     D:3: 14 daAuts
